 Dungeon Crawl Stone Soup version 0.25-a0-420-g1cc7eeb0d1 (webtiles) character file.

Game seed: 6403637774996672539, levelgen mode: deterministic

0 MrRokkomies the Ducker (level 1, -1/11 HPs)
             Began as a Spriggan Abyssal Knight on Jan 19, 2020.
             Was a Follower of Lugonu.
             Slain by an ancient zyme (12 damage)
             ... on level 1 of the Abyss.
             The game lasted 00:02:15 (580 turns).

MrRokkomies the Ducker (Spriggan Abyssal Knight)     Turns: 580, Time: 00:02:15

Health: -1/11      AC:  2    Str:  8    XL:     1   Next: 0%
Magic:  2/2        EV: 18    Int:  9    God:    Lugonu [*.....]
Gold:   44         SH:  0    Dex: 15    Spells: 0/0 levels left

rFire    . . .     SeeInvis +   a - +1 short sword
rCold    . . .     Gourm    .   (shield restricted)
rNeg     . . .     Faith    .   b - +0 robe
rPois    .         Spirit   .   (helmet restricted)
rElec    .         Reflect  .   (no cloak)
rCorr    .         Harm     .   (gloves unavailable)
MR       .....                  (boots unavailable)
Stlth    +.........             (no amulet)
HPRegen  0.03/turn              (no ring)
MPRegen  0.08/turn              (no ring)

@: very quick
A: very small, unfitting armour, see invisible, [dopey 2], herbivore, speed 3,
[low mp 2], slow metabolism 2
a: Depart the Abyss, Renounce Religion


You were on level 1 of the Abyss.
You worshipped Lugonu.
Lugonu was aware of your devotion.
You were not hungry.

You visited 0 branches of the dungeon, and saw 0 of its levels.
You visited the Abyss 1 time.

You collected 44 gold pieces.

Inventory:

Hand Weapons
 a - a +1 short sword (weapon)
Armour
 b - a +0 robe (worn)
Scrolls
 e - a scroll of identify {unknown}
Potions
 d - a potion of curing {unknown}
 f - a potion of heal wounds {unknown}
Comestibles
 c - 3 rations


   Skills:
 + Level 2.4 Fighting
 + Level 2.1 Short Blades
 + Level 3.5 Dodging
 + Level 1.7 Invocations


You couldn't memorise any spells.
You didn't know any spells.
Your spell library was empty.

Dungeon Overview and Level Annotations

Branches:
Dungeon (0/15)

Altars:


Innate Abilities, Weirdness & Mutations

You are very small and have problems with some larger weapons.
You are too small for most types of armour.
You have supernaturally acute eyesight. (SInv)
You are a herbivore.
You cover ground extremely quickly.
You need to consume almost no food.
[You are very dopey. (Int -4)]
[Your magical capacity is very low. (-20% MP)]


Message History

You see here a viscous yellow potion.
f - a viscous yellow potion The demonic crawler barely misses you.
The demonic crawler misses you. x2
A hellwing and a simulacrum come into view.
You start waiting.
Done waiting.
You start waiting.
An ancient zyme comes into view.
You feel yourself growing ill in the presence of the ancient zyme.
You start waiting.
The ancient zyme is too close now for your liking.
Unknown command.
Unknown command.
You aren't carrying any items that you can evoke.
You hit the ancient zyme but do no damage.
The ancient zyme barely misses you. The ancient zyme completely misses you.
You hit the ancient zyme but do no damage.
The ancient zyme closely misses you. The ancient zyme hits you!
Ouch! That really hurt!
You die...

. #. .
# # # .
#### .
##x..#.
# #@#
###


You could see an ancient zyme.

Vanquished Creatures (others)
  2 starspawn tentacles (Abyss:1)
2 creatures vanquished.

Notes
Turn   | Place    | Note
-------+----------+-------------------------------------------
     0 | Abyss:1  | MrRokkomies the Spriggan Abyssal Knight began the quest for
                  | the Orb.
     0 | Abyss:1  | Reached XP level 1. HP: 11/11 MP: 3/3
    54 | Abyss:1  | Noticed a hungry ghost
    57 | Abyss:1  | Noticed a storm dragon skeleton
    88 | Abyss:1  | Noticed a blink frog
   106 | Abyss:1  | Noticed a small abomination
   115 | Abyss:1  | Noticed an apocalypse crab
   115 | Abyss:1  | Noticed a wretched star
   136 | Abyss:1  | Noticed a tentacled starspawn
   176 | Abyss:1  | Noticed a thrashing horror
   252 | Abyss:1  | Noticed a green death
   336 | Abyss:1  | Noticed a small abomination
   336 | Abyss:1  | Noticed a demonic crawler
   364 | Abyss:1  | Noticed a four-headed hydra simulacrum
   364 | Abyss:1  | Noticed a hellwing
   576 | Abyss:1  | Noticed an ancient zyme
   580 | Abyss:1  | Slain by an ancient zyme

Levels and vault maps discovered:
Abyss:1:  hangedman_decor_lopped

Action                   || total
-------------------------++-------
Melee: Short sword       ||     3
Armor: Robe              ||     1
Dodge: Dodged            ||    10

Table legend:
 A = Non-vault XP
 B = Vault XP
 C = Vault XP percentage of total XP
 D = Non-vault monster count
 E = Vault monster count
 F = Vault count percentage of total count
                 A         B        C        D         E       F
            +---------+---------+-------+---------+---------+-------
      Total |       0 |       0 |   N/A |       0 |       0 |  -nan
            +---------+---------+-------+---------+---------+-------
            +---------+---------+-------+---------+---------+-------
